 Dungeon Crawl Stone Soup version 0.29.1-13-g9f3cf754e1 (webtiles) character file.

Game seed: 2755380329355697078

343 Peloso the Slasher (level 6, -5/53 HPs)
             Began as a Minotaur Fighter on Feb 4, 2023.
             Slain by Edmund
             ... wielding a +1 flail of protection
              (11 damage)
             ... on level 4 of the Dungeon.
             The game lasted 00:08:06 (3127 turns).

Peloso the Slasher (Minotaur Fighter)               Turns: 3127, Time: 00:08:06

Health: -5/53      AC: 12    Str: 20    XL:     6   Next: 31%
Magic:  5/5        EV: 10    Int:  5    God:
Gold:   192        SH:  6    Dex: 18    Spells: 5/5 levels left

rFire   . . .      SeeInvis .   a - +1 long sword
rCold   . . .      Faith    .   d - +0 buckler
rNeg    . . .      Spirit   .   b - +1 scale mail
rPois   .          Reflect  .   (helmet restricted)
rElec   .          Harm     .   (no cloak)
rCorr   .          Rampage  .   (no gloves)
Will    .....                   (no boots)
Stlth   ..........              (no amulet)
HPRegen 0.17/turn               j - +6 ring of dexterity
MPRegen 0.09/turn               g - +4 ring of protection

@: attractive
A: horns 2, retaliatory headbutt
a: no special abilities


You were on level 4 of the Dungeon.
You visited 1 branch of the dungeon, and saw 5 of its levels.

You collected 192 gold pieces.

Inventory:

Hand Weapons
 a - a +1 long sword (weapon)
 c - a +1 sling of flaming
Missiles
 v - 7 stones (quivered)
Armour
 b - a +1 scale mail (worn)
 d - a +0 buckler (worn)
Jewellery
 g - a +4 ring of protection (right hand)
 j - a +6 ring of dexterity (left hand)
 u - a +4 ring of slaying
Wands
 t - a wand of acid (8)
Scrolls
 k - 3 scrolls of enchant armour
 l - a scroll of fog
 q - a scroll of amnesia
 r - 4 scrolls of teleportation
 s - a scroll of vulnerability {unknown}
Potions
 e - 2 potions of mutation
 f - a potion of curing {unknown}
 h - a potion of flight {unknown}
 i - a potion of invisibility {unknown}
 m - a potion of might
 n - a potion of haste {unknown}
 o - a potion of attraction
 p - a potion of degeneration {unknown}


   Skills:
 + Level 4.5 Fighting
 + Level 5.6 Long Blades
 + Level 4.9 Armour
 + Level 1.9 Dodging
 + Level 0.2 Stealth
 + Level 4.6 Shields


You had 5 spell levels left.
You didn't know any spells.
Your spell library contained the following spells:

 Spells                   Type           Power      Damage    Failure   Level
 Blink                    Tloc           0%         N/A       96%         2
 Ensorcelled Hibernation  Hex/Ice        0%         N/A       96%         2
 Passwall                 Tmut/Erth      0%         N/A       96%         2
 Swiftness                Air            0%         N/A       99%         3
 Manifold Assault         Tloc           0%         N/A       100%        5
 Storm Form               Tmut/Air       0%         N/A       100%        7


Dungeon Overview and Level Annotations

Branches:
Dungeon (5/15)
 Temple: D:4-7

Altars:
Nemelex Xobeh

Annotations:
D:4 Edmund


Innate Abilities, Weirdness & Mutations

You have a pair of horns on your head.
You reflexively headbutt those who attack you in melee.


Message History

Edmund closely misses you. You furiously retaliate!
You headbutt Edmund. You hit Edmund. You headbutt Edmund, but do no damage.
Edmund is heavily wounded.
Edmund hits you with a +1 flail of protection.
You barely miss Edmund. You headbutt Edmund, but do no damage.
Edmund is heavily wounded.
Edmund hits you with a +1 flail of protection!
You slash Edmund! Your headbutt misses Edmund.
Edmund is severely wounded.
Edmund hits you but does no damage.
You hit Edmund but do no damage. You headbutt Edmund.
Edmund is severely wounded.
Edmund hits you with a +1 flail of protection.
You hit Edmund but do no damage.
Edmund is severely wounded.
Edmund closely misses you.
You hit Edmund. Your headbutt misses Edmund.
Edmund is severely wounded.
Edmund hits you but does no damage.
You hit Edmund but do no damage.
Edmund is severely wounded.
Edmund hits you with a +1 flail of protection!
You slash Edmund!
Edmund is almost dead.
Edmund misses you.
Edmund hits you with a +1 flail of protection.
* * * LOW HITPOINT WARNING * * *
You barely miss Edmund. You headbutt Edmund.
Edmund is almost dead.
Edmund says, "I might not be good at magic, but I can still kill you!"
Edmund hits you with a +1 flail of protection.
* * * LOW HITPOINT WARNING * * *
You barely miss Edmund. You headbutt Edmund.
Edmund is almost dead.
Edmund hits you with a +1 flail of protection.
* * * LOW HITPOINT WARNING * * *
It was a potion of attraction.
You feel attractive to monsters.
Edmund hits you with a +1 flail of protection!
You die...

.......#......#...#
####...#......#...#
...#####......#...#
.............##...#
.............'....#
.............#....#
......(......#....#
.............#######
.....#'####.....@@.#
.....#....#........#
.....#...[#........#
.....#....'........#
.....##'###........#
..####..####+###'###
..#...............#
..'...............#
..#...............#


You could see Edmund.

Vanquished Creatures
  An ogre (D:4)
  A scorpion (D:3)
  A jelly (D:4)
  An orc priest (D:3)
  An iguana (D:4)
  2 adders
  2 worms (D:2)
  A dart slug (D:1)
  13 orcs
  4 bats (D:2)
  9 endoplasms
  A giant cockroach (D:4)
  9 goblins
  6 hobgoblins
  2 jackals (D:4)
  6 kobolds
  3 quokkas
  7 ball pythons
  3 frilled lizards
  6 rats
79 creatures vanquished.

Notes
Turn   | Place    | Note
-------+----------+-------------------------------------------
     0 | D:1      | Peloso the Minotaur Fighter began the quest for the Orb.
     0 | D:1      | Reached XP level 1. HP: 19/19 MP: 0/0
   369 | D:1      | Reached XP level 2. HP: 27/27 MP: 1/1
   845 | D:2      | Reached XP level 3. HP: 29/33 MP: 2/2
  1120 | D:2      | Reached skill level 3 in Long Blades
  1443 | D:3      | Noticed a scorpion
  1450 | D:3      | Killed a scorpion
  1451 | D:3      | Reached skill level 4 in Long Blades
  1451 | D:3      | Reached skill level 1 in Dodging
  1451 | D:3      | Reached XP level 4. HP: 40/40 MP: 3/3
  1767 | D:3      | Reached XP level 5. HP: 46/46 MP: 4/4
  1892 | D:3      | Found a faded altar of an unknown god.
  2641 | D:4      | Noticed an ogre
  2664 | D:4      | Killed an ogre
  2665 | D:4      | Reached skill level 5 in Long Blades
  2665 | D:4      | Reached XP level 6. HP: 48/53 MP: 5/5
  2950 | D:4      | Found a sparkling altar of Nemelex Xobeh.
  3103 | D:5      | Entered Level 5 of the Dungeon
  3107 | D:5      | Noticed Edmund
  3127 | D:4      | Slain by Edmund

Illustrated notes

Levels and vault maps discovered:
D:1:      psy_arrival_statuary, layout_basic, minmay_splitting_lines
D:2:      layout_rooms
D:3:      layout_rooms, dreamdust_ecumenical_altar_angels_and_demons
D:4:      layout_gridville, marbit_many_paths, minmay_fractal_squares_gapless_5
D:5:      layout_basic, makhleb_heckhound_becter,
          mainiacjoe_overflow_large_starburst, gammafunk_ghost_stat_death,
          dreamdust_gnoll_farm, uniq_menkaure, uniq_eustachio, uniq_edmund,
          uniq_duvessa

Skill      XL: |  1  2  3  4  5 |
---------------+----------------+-----
Armour         | 4 |  4.9
Long Blades    | 4 5 |  5.6
Fighting       | 4 |  4.5
Dodging        | 1 |  1.9
Shields        | 4 |  4.6
Stealth        | |  0.2

Action                   |  1- 3 |  4- 6 || total
-------------------------+-------+-------++-------
Melee: Long sword        |    93 |    73 ||   166
       Headbutt          |    13 |    16 ||    29
 Fire: Sling             |       |     3 ||     3
  Use: Potion            |     2 |     3 ||     5
       Scroll            |     7 |     1 ||     8
Armor: Scale mail        |    53 |    26 ||    79
Dodge: Dodged            |    42 |    36 ||    78
Block: Buckler           |    25 |    20 ||    45
